 Dungeon Crawl Stone Soup version 0.21-a0-84-g85d6d27 (webtiles) character file.

717 terra52 the Charmwright (level 7, -16/56 HPs)
             Began as a Gnoll Skald on July 4, 2017.
             Was an Initiate of Wu Jian.
             Demolished by Menkaure (19 damage)
             ... on level 4 of the Dungeon.
             The game lasted 00:13:05 (3245 turns).

terra52 the Charmwright (Gnoll Skald)               Turns: 3245, Time: 00:13:05

Health: -16/56     AC: 10    Str: 12    XL:     7   Next: 70%
Magic:  15/15      EV: 14    Int: 17    God:    Wu Jian [......]
Gold:   173        SH:  0    Dex: 13    Spells: 9/16 levels left

rFire    . . .     SeeInvis .   m - +2 quarterstaff (chaos)
rCold    . . .     Gourm    .   (shield currently unavailable)
rNeg     . . .     Faith    .   b - +0 leather armour
rPois    +         Spirit   .   h - +2 helmet {Int+3}
rElec    .         Reflect  .   o - +2 cloak {rPois}
rCorr    .         Harm     .   (no gloves)
MR       .....                  u - +0 pair of boots
Stlth    +++.......             x - amulet of magic regeneration
HPRegen  0.18/turn              y - ring of stealth
MPRegen  0.39/turn              (no ring)

@: hasted, very quick
A: short attention span, fangs 1, strong nose
a: Renounce Religion


You were on level 4 of the Dungeon.
You worshipped Wu Jian.
Wu Jian was noncommittal.
You were hungry.

You visited 2 branches of the dungeon, and saw 5 of its levels.

You collected 173 gold pieces.

Inventory:

Hand Weapons
 a - a +0 falchion
 g - a +0 hunting sling
 m - a +2 quarterstaff of chaos (weapon)
 n - a +0 spear of piercing
 M - a +0 flail
Missiles
 B - 9 tomahawks
 G - 2 throwing nets
 J - 2 javelins (quivered)
Armour
 b - a +0 leather armour (worn)
 h - a +2 helmet of intelligence (worn)
 o - a +2 cloak of poison resistance (worn)
 u - a +0 pair of boots (worn)
 z - a +0 ring mail
Jewellery
 x - an amulet of magic regeneration (around neck)
 y - a ring of stealth (left hand)
Wands
 E - a wand of disintegration (13/24)
 I - a wand of polymorph (8/24)
Scrolls
 e - a scroll of enchant armour {unknown}
 i - 7 scrolls of remove curse {unknown}
 s - 2 scrolls of identify {unknown}
 v - a scroll of fog {unknown}
 C - a scroll of fear {unknown}
 D - 2 scrolls of recharging {unknown}
 F - a scroll of enchant weapon {unknown}
Potions
 f - a potion of mutation {unknown}
 j - a potion of agility
 l - 2 potions of brilliance
 p - a potion of cancellation {unknown}
 q - a potion of might {unknown}
 t - a potion of lignification {unknown}
 H - a potion of curing
 L - a potion of flight {unknown}
Books
 c - a book of Battle

   Spells                             Type                      Level
   a - Infusion                       Charms                       1
   b - Shroud of Golubria             Charms/Translocation         2
   c - Song of Slaying                Charms                       2
   d - Spectral Weapon                Hexes/Charms                 3
   e - Regeneration                   Charms/Necromancy            3
Comestibles
 d - 8 bread rations
 k - a royal jelly
 r - 5 fruits
 K - a meat ration


   Skills:
 + Level 5.2 Fighting
 + Level 5.4 Long Blades
 + Level 6.0 Staves
 + Level 2.2 Throwing
 + Level 3.4 Armour
 + Level 5.4 Dodging
 + Level 2.2 Stealth
 + Level 5.3 Spellcasting
 + Level 2.2 Hexes
 + Level 6.5 Charms
 + Level 0.4 Necromancy


You had 9 spell levels left.
You knew the following spells:

 Your Spells              Type           Power        Failure   Level  Hunger
a - Infusion              Chrm           ####         1%          1    None
b - Spectral Weapon       Hex/Chrm       ###.....     9%          3    ##.....
c - Regeneration          Chrm/Necr      ###.......   12%         3    ##.....


Dungeon Overview and Level Annotations

Branches:
Dungeon (4/15)             Temple (1/1) D:4

Altars:
Ashenzari
Cheibriados
Dithmenos
Gozag
Hepliaklqana
Kikubaaqudgha
Nemelex Xobeh
Qazlal
Uskayaw
Wu Jian
Yredelemnul
The Shining One

Annotations:
D:4 Menkaure


Innate Abilities, Weirdness & Mutations

You have a short attention span.
You have very sharp teeth.
Your uncanny sense of smell can sniff out nearby items.


Message History

Menkaure is moderately damaged.
Your spectral weapon barely misses Menkaure.
Menkaure hits you!!
You hit Menkaure.
Menkaure flickers and vanishes!
Deactivating autopickup; reactivate with Ctrl-A.
You closely miss something. Something hits you.
You hit something but do no damage. Something closely misses you.
You sock something! You burn something. Your bite misses something.
You hear some strange, mumbled words.
Pain shoots through your body!
You barely miss something. You barely miss something.
Something calls on the powers of darkness!
Your body is wracked with pain!
You closely miss something.
You hear some strange, mumbled words.
Pain shoots through your body!
* * * LOW HITPOINT WARNING * * *
You closely miss something. Something hits you!!
You die...

.##....#....##.#####.#####.#
..........####.......# #<#
.#.#.#.#....##(......+ ###
............##.......#
...#.#.#....##.......#
#.....#..#####.......#
#....#.#.# #####..##
###......# #####.>###
#....#.# #.{@.....# ###....#
#).(.....# #...## #........#
##### #........# ######.###
[# .# .#


You could see a friendly spectral quarterstaff of chaos.

Vanquished Creatures
  A bullfrog (D:4)
  A scorpion (D:4)
  A hound (D:4)
  An orc wizard (D:3)
  An orc priest (D:3)
  Crazy Yiuf (D:2)
  Ijyb (D:4)
  Terence (D:3)
  2 iguanas (D:4)
  2 worker ants (D:4)
  Robin (D:4)
  8 gnolls
  10 adders
  An ooze (D:3)
  6 worms
  A dart slug (D:1)
  4 leopard geckos
  22 orcs
  A ball python (D:3)
  4 giant cockroaches
  19 goblins
  8 hobgoblins
  6 jackals (D:2)
  2 quokkas
  11 bats
  2 frilled lizards
  9 kobolds
  7 rats
134 creatures vanquished.

Notes
Turn   | Place    | Note
-------+----------+-------------------------------------------
     0 | D:1      | terra52 the Gnoll Skald began the quest for the Orb.
     0 | D:1      | Reached XP level 1. HP: 18/18 MP: 5/5
   242 | D:1      | Reached skill level 5 in Charms
   273 | D:1      | Reached XP level 2. HP: 24/24 MP: 6/6
   984 | D:2      | Reached XP level 3. HP: 29/29 MP: 5/8
  1061 | D:2      | Found a hide-covered altar of Uskayaw.
  1199 | D:2      | Reached XP level 4. HP: 28/37 MP: 0/9
  1533 | D:2      | Found a runed door.
  1538 | D:2      | Learned a level 3 spell: Spectral Weapon
  1542 | D:2      | Learned a level 3 spell: Regeneration
  1550 | D:2      | Noticed Crazy Yiuf
  1557 | D:2      | Killed Crazy Yiuf
  1557 | D:2      | Reached skill level 5 in Long Blades
  1557 | D:2      | Reached XP level 5. HP: 42/42 MP: 4/11
  1848 | D:3      | Reached skill level 1 in Staves
  2067 | D:3      | Reached skill level 1 in Throwing
  2067 | D:3      | Reached XP level 6. HP: 41/49 MP: 0/12
  2192 | D:3      | Noticed Terence
  2208 | D:3      | Killed Terence
  2574 | D:4      | Found a glowing golden altar of the Shining One.
  2626 | D:4      | Noticed Robin
  2637 | D:4      | Reached skill level 5 in Fighting
  2664 | D:4      | Killed Robin
  2697 | D:4      | Reached skill level 5 in Dodging
  2697 | D:4      | Reached skill level 1 in Hexes
  2702 | D:4      | Reached XP level 7. HP: 52/56 MP: 14/14
  2740 | D:4      | Reached skill level 1 in Stealth
  2748 | D:4      | Noticed Ijyb
  2756 | D:4      | Killed Ijyb
  2756 | D:4      | Reached skill level 5 in Spellcasting
  2820 | D:4      | Reached skill level 5 in Staves
  3015 | D:4      | Found a glowing golden altar of the Shining One.
  3075 | D:4      | Found a staircase to the Ecumenical Temple.
  3081 | Temple   | Entered the Ecumenical Temple
  3135 | Temple   | Became a worshipper of the Wu Jian Council
  3229 | D:4      | Noticed Menkaure
  3245 | D:4      | Demolished by Menkaure

Vault maps used:
D:1:      mrwooster_arrival_statue_3
D:2:      overflow_temple_1_default, grunt_ministairs_8, serial_bayou_crossing,
          uniq_crazy_yiuf_cottage
D:3:      first_bread, uniq_terence
D:4:      nicolae_overflow_crystal_walls, minmay_temple_entry_enclosed_plants,
          hangedman_decor_riveting, tso_altar, uniq_ijyb, uniq_robin,
          uniq_menkaure
Temple:   cyrus_temple_forest

Skill      XL: |  1  2  3  4  5  6  7 |
---------------+----------------------+-----
Charms         | 5 6 |  6.5
Long Blades    | 4 5 |  5.4
Dodging        | 4 5 |  5.4
Armour         | 2 3 |  3.4
Spellcasting   | 4 5 |  5.3
Fighting       | 4 5 |  5.2
Staves         | 2 4 6 |  6.0
Throwing       | 1 2 |  2.2
Hexes          | 1 2 |  2.2
Stealth        | 2 |  2.2
Necromancy     | |  0.4

Action                   |  1- 3 |  4- 6 |  7- 9 || total
-------------------------+-------+-------+-------++-------
Melee: Falchion          |    85 |    32 |       ||   117
       Bite              |     3 |     8 |     4 ||    15
       Quarterstaff      |       |   158 |    51 ||   209
Throw: Stone             |    17 |    25 |       ||    42
       Javelin           |       |     9 |     3 ||    12
       Tomahawk          |       |       |     3 ||     3
 Cast: Infusion          |     8 |     5 |       ||    13
       Spectral Weapon   |       |     8 |     6 ||    14
       Regeneration      |       |     1 |     1 ||     2
  Use: Potion            |       |     3 |     2 ||     5
 Stab: Sleeping          |       |     1 |     1 ||     2
       Confused          |       |     1 |       ||     1
  Eat: Chunk             |     1 |     6 |     2 ||     9
Armor: Leather armour    |    24 |    59 |    15 ||    98
Dodge: Dodged            |    73 |   126 |    28 ||   227
       Rpst.: Falchion   |    24 |     6 |       ||    30
